 Dungeon Crawl Stone Soup version 0.29-a0-194-g6e3aafee17 (webtiles) character file.

Game seed: 1793712037102268378

53271 fragbeetle the Sharpshooter (level 14, -6/109 HPs)
             Began as a Minotaur Hunter on Feb 23, 2022.
             Was a High Priest of Hepliaklqana.
             Mangled by a troll (10 damage)
             ... on level 1 of the Orcish Mines.
             The game lasted 00:46:31 (20811 turns).

fragbeetle the Sharpshooter (Minotaur Hunter)      Turns: 20811, Time: 00:46:32

Health: -6/109     AC: 24    Str: 20    XL:     14   Next: 30%
Magic:  18/20      EV:  8    Int:  8    God:    Hepliaklqana [*****.]
Gold:   1294       SH:  0    Dex: 13    Spells: 13/13 levels left

rFire   . . .      SeeInvis .   a - +5 arbalest (freeze)
rCold   . . .      Faith    .   (shield currently unavailable)
rNeg    + . .      Spirit   .   V - +2 plate armour {rPois}
rPois   +          Reflect  .   T - +2 hood of the Assassin {Detection Stab+ Stlth++}
rElec   .          Harm     .   R - +0 cloak
rCorr   .          Rampage  .   (no gloves)
Will    +....                   t - +0 pair of boots
Stlth   ..........              u - amulet of the acrobat
HPRegen 0.28/turn               w - ring of positive energy
MPRegen 0.17/turn               o - +4 ring of slaying

@: no status effects
A: reduced essence, horns 2, retaliatory headbutt
a: Renounce Religion, Recall Ancestor, Ancestor Identity, Transference, Idealise


You were on level 1 of the Orcish Mines.
You worshipped Hepliaklqana.
Hepliaklqana was extremely pleased with you.
You visited 4 branches of the dungeon, and saw 20 of its levels.
You also visited: Ossuary.

You collected 1294 gold pieces.

Inventory:

Hand Weapons
 a - a +5 arbalest of freezing (weapon)
 S - a +7 hand crossbow of flaming
Missiles
 K - 5 silver boomerangs (quivered)
Armour
 t - a +0 pair of boots (worn)
 C - a +2 buckler
 R - a +0 cloak (worn)
 T - the +2 hood of the Assassin (worn) {Detection Stab+ Stlth++}
   (You found it on level 10 of the Dungeon)

   It allows the wearer to sense nearby creatures.
   It allows the wearer to make particularly effective stabbing attacks against
   helpless or unaware enemies with any weapon.
   Stlth:     It makes you much more stealthy.
 V - a +2 plate armour of poison resistance (worn)
Jewellery
 o - a +4 ring of slaying (right hand)
 u - an amulet of the acrobat (around neck)
 w - a ring of positive energy (left hand)
Wands
 k - a wand of polymorph (5)
 m - a wand of flame (25)
 s - a wand of acid (5)
 v - a wand of iceblast (18)
 N - a wand of paralysis (10)
 Q - a wand of digging (13)
 X - a wand of mindburst (15)
Scrolls
 d - 2 scrolls of immolation
 g - 5 scrolls of teleportation
 p - 2 scrolls of summoning
 r - 2 scrolls of fog
 x - 4 scrolls of silence
 y - 3 scrolls of blinking
 B - 2 scrolls of brand weapon
 D - a scroll of amnesia
 F - a scroll of fear {unknown}
 H - a scroll of torment {unknown}
 I - a scroll of holy word {unknown}
 J - 2 scrolls of vulnerability
 O - a scroll of enchant armour {unknown}
 P - 3 scrolls of enchant weapon {unknown}
 W - a scroll of noise {unknown}
Potions
 b - a potion of flight {unknown}
 c - a potion of haste {unknown}
 e - 5 potions of invisibility
 f - 2 potions of resistance
 h - a potion of brilliance {unknown}
 j - 5 potions of curing
 l - 2 potions of berserk rage {unknown}
 n - 2 potions of magic {unknown}
 q - 4 potions of lignification
 z - 4 potions of heal wounds
 A - 4 potions of attraction
 G - 5 potions of might
 M - 4 potions of degeneration {unknown}
 Y - a potion of cancellation {unknown}
Miscellaneous
 i - a condenser vane (inert)
 U - a phantom mirror (inert)


   Skills:
 + Level 10.9 Fighting
 - Level 16.0 Crossbows
 - Level 15.0 Armour
 - Level 2.1 Dodging
 - Level 0.7 Stealth
 - Level 10.0 Invocations
 - Level 10.0 Evocations


You had 13 spell levels left.
You didn't know any spells.
Your spell library contained the following spells:

 Spells                   Type           Power      Damage    Failure   Level
 Magic Dart               Conj           0%         1d3       99%         1
 Sandblast                Erth           0%         2d4       99%         1
 Slow                     Hex            0%         N/A       99%         1
 Sting                    Tmut/Pois      0%         1d3       99%         1
 Passwall                 Tmut/Erth      0%         N/A       100%        2
 Poisonous Vapours        Pois/Air       0%         N/A       100%        2
 Searing Ray              Conj           0%         2d4       100%        2
 Confusing Touch          Hex            0%         N/A       100%        3
 Ignite Poison            Fire/Tmut/Pois 0%         N/A       100%        3
 Mephitic Cloud           Conj/Pois/Air  0%         N/A       100%        3
 Stone Arrow              Conj/Erth      0%         3d7       100%        3
 Vampiric Draining        Necr           0%         2d6       100%        3
 Cause Fear               Hex            0%         N/A       100%        4
 Fulminant Prism          Conj/Hex       0%         3d6       100%        4
 Olgreb's Toxic Radiance  Pois           0%         N/A       100%        4
 Freezing Cloud           Conj/Ice/Air   0%         6-21      100%        5
 Dragon Form              Tmut           0%         N/A       100%        7
 Dragon's Call            Summ           0%         N/A       100%        9


Dungeon Overview and Level Annotations

Branches:
Dungeon (11/15)            Temple (1/1) D:5            Lair (6/6) D:10
 Shoals (0/4) Lair:4        Snake (0/4) Lair:2        Slime (0/5) Lair:5
    Orc (2/2) D:10        Ossuary (visited)
    Elf: Orc:2

Altars:
Ashenzari
Cheibriados
Dithmenos
Elyvilon
Fedhas
Gozag
Hepliaklqana
Kikubaaqudgha
Makhleb
Nemelex Xobeh
Okawaru
Qazlal
Ru
Sif Muna
Trog
Uskayaw
Vehumet
Wu Jian
Xom
Yredelemnul
Zin
The Shining One

Shops:
D:3 *

Annotations:
D:6 Prince Ribbit
D:7 2 transporters, lordive's ghost, novice NaIE
Lair:1 1 runed translucent door
Lair:2 exclusion: oklob plant
Lair:5 exclusion: oklob plant


Innate Abilities, Weirdness & Mutations

Your life essence is reduced to manifest your ancestor. (-10% HP)
You have a pair of horns on your head.
You reflexively headbutt those who attack you in melee.


Message History

You feel much better.
Buttercup hits the orc warrior with a +0 flail!!
The orc warrior dies!
The orc warrior barely misses you. You furiously retaliate!
You headbutt the orc warrior, but do no damage.
The orc warrior barely misses Buttercup.
Shoot: a) +5 arbalest (freeze)
Press: ? - help, Shift-Dir - straight line, f - orc warrior
Aim: an orc warrior, wielding a +0 long sword and wearing a +0 plate armour (strong)
You shoot a bolt. The bolt hits the orc warrior!!
The bolt freezes the orc warrior.
You kill the orc warrior!
The orc warrior no longer looks unusually strong.
An orc high priest comes into view. It is wielding a +0 halberd.
An orc warrior comes into view. It is wielding a +0 hand axe.
The orc warrior hits Buttercup with a +0 scimitar.
The orc high priest invokes the aid of Beogh against you.
Beogh smites you!
* * * LOW HITPOINT WARNING * * *
The orc knight roars a battlecry!
The orc warrior goes into a battle-frenzy!
Buttercup closely misses the orc warrior.
You hear a shout!
You climb upwards.
The orc hits you but does no damage. The troll barely misses you.
The troll claws you!
* * * LOW HITPOINT WARNING * * *
The troll claws you but does no damage.
The orc warrior hits you with a +0 trident!
* * * LOW HITPOINT WARNING * * *
The orc wizard hits Buttercup but does no damage.
The orc hits you but does no damage.
The orc hits you from afar with a +0 trident.
* * * LOW HITPOINT WARNING * * *
The orc wizard gestures at you while chanting.
The puff of flame misses you.
The puff of flame hits the orc.
The orc hits Buttercup but does no damage.
The orc warrior barely misses you. You furiously retaliate!
You headbutt the orc warrior. The troll bites you but does no damage.
The troll claws you but does no damage. The troll claws you!
You die...

## .# ..
.#.....#. .###
... #........
.#.## ...##
......... ....#
.....##........
....#
...............
.#.##
#..............
####
##.....o....o..
.#
......o@...oo..
.##
......TRoo..#.o
..#
......o......#
.##
##...#...##.##
## ######### #


You could see the friendly Buttercup the knight (idealised), a troll, 2 orc
warriors, 2 orc wizards and 5 orcs.

Vanquished Creatures
  7 hydras
  An ogre mage (D:10)
  2 boulder beetles
  A catoblepas (Lair:4)
  A two-headed ogre (D:10)
  A fire crab (Lair:5)
  A lindwurm (Lair:5)
  A necromancer (D:10)
  A salamander (shapeshifter) (D:10)
  An orc sorcerer (Orc:2)
  An ugly thing (D:11)
  A merfolk siren (Lair:4)
  5 centaur zombies
  An elephant (D:10)
  A black mamba (Lair:5)
  Maurice (D:9)
  Maggie (D:6)
  9 cane toads
  2 rime drakes (Lair:3)
  A kobold demonologist (D:11)
  5 komodo dragons
  An efreet (D:10)
  A tengu conjurer (D:10)
  6 polar bears
  A merfolk (Lair:4)
  3 trolls
  A hornet (Lair:6)
  10 blink frogs
  A slime creature (D:10)
  2 dream sheep (Lair:6)
  11 spriggans (Lair:6)
  5 shadows
  A wraith (D:11)
  35 yaks
  2 wyverns (D:10)
  3 basilisks
  A steam dragon (D:7)
  2 wargs
  2 nagas (Lair:2)
  Duvessa (D:7)
  6 water moccasins
  An acid dragon (D:8)
  12 orc warriors
  2 black bears (Lair:6)
  An ice beast (D:5)
  4 boggarts (Lair:6)
  An ogre (D:5)
  5 necrophages
  28 wolves
  2 centaurs
  2 kobold brigands
  9 bullfrogs
  A gnoll sergeant (D:9)
  2 scorpions
  5 water moccasin zombies (Ossuary)
  A water moccasin skeleton (D:4)
  Dowan (D:7)
  6 killer bees (D:9)
  6 wights
  A lava snake (D:10)
  8 howler monkeys
  2 hounds
  2 jellies
  7 orc priests
  A bullfrog skeleton (D:5)
  3 iguanas
  10 orc wizards
  2 hound skeletons
  5 mummies
  2 howler monkey zombies
  9 gnolls
  9 adders
  A shadow imp (D:8)
  A white imp (D:6)
  An ufetubus (D:5)
  5 adder zombies (Ossuary)
  5 worms
  43 orcs
  9 ball pythons
  9 endoplasms
  12 goblins
  10 hobgoblins
  3 jackals
  2 quokkas
  4 bats
  4 frilled lizards
  5 gnoll zombies (Ossuary)
  3 hobgoblin zombies (Ossuary)
  14 kobolds
  2 kobold zombies (Ossuary)
  2 orc zombies (Ossuary)
  A quokka skeleton (D:4)
  3 rats
429 creatures vanquished.

Vanquished Creatures (collateral kills)
  An orc warlord (Orc:2)
  A hydra (Lair:6)
  A two-headed ogre (D:10)
  An orc sorcerer (Orc:2)
  An ugly thing (D:11)
  A merfolk siren (Lair:4)
  5 centaur zombies
  Joseph (D:9)
  A torpor snail (Lair:6)
  An unseen horror (D:10)
  4 cane toads
  4 komodo dragons
  A merfolk (Lair:4)
  3 trolls
  A polar bear (Lair:1)
  A hornet (Lair:6)
  2 blink frogs
  A dream sheep (Lair:6)
  2 spriggans (Lair:6)
  15 yaks
  A warg (Orc:2)
  2 water moccasins
  3 orc warriors
  A necrophage (D:11)
  An ogre (Orc:2)
  A boggart (Lair:6)
  A wolf (Lair:6)
  4 bullfrogs
  A water moccasin zombie (Ossuary)
  A wight (D:11)
  A hound (D:7)
  A lava snake (D:10)
  A centaur skeleton (D:6)
  4 orc wizards
  7 orcs
  A gnoll zombie (Ossuary)
  A kobold zombie (Ossuary)
80 creatures vanquished.

Vanquished Creatures (others)
  7 knights
  2 ancestors
  34 fungi
  28 plants
  2 withered plants (D:11)
73 creatures vanquished.

Grand Total: 582 creatures vanquished

Notes
Turn   | Place    | Note
-------+----------+-------------------------------------------
     0 | D:1      | fragbeetle the Minotaur Hunter began the quest for the Orb.
     0 | D:1      | Reached XP level 1. HP: 18/18 MP: 0/0
    79 | D:1      | Reached XP level 2. HP: 23/25 MP: 1/1
   195 | D:1      | Reached skill level 5 in Crossbows
   878 | D:1      | Reached XP level 3. HP: 30/30 MP: 2/2
  1267 | D:3      | Reached skill level 6 in Crossbows
  1518 | D:3      | Found a faded altar of an unknown god.
  1522 | D:3      | Reached XP level 4. HP: 37/37 MP: 3/3
  1529 | D:3      | Identified the +5 hand axe of the Chain {antimagic, rC+ rN+
                  | Dex-5}
  1543 | D:3      | Noticed a scorpion
  1550 | D:3      | Killed a scorpion
  1551 | D:3      | Reached skill level 7 in Crossbows
  1551 | D:3      | Reached XP level 5. HP: 30/42 MP: 4/4
  2420 | D:3      | Found an opulent altar of Gozag.
  2421 | D:3      | Found Gozag's Platinum Reserve.
  3008 | D:4      | Reached skill level 8 in Crossbows
  3027 | D:4      | Reached XP level 6. HP: 28/50 MP: 5/5
  3587 | D:5      | Entered Level 5 of the Dungeon
  3920 | D:5      | Found a staircase to the Ecumenical Temple.
  3932 | Temple   | Entered the Ecumenical Temple
  4366 | Temple   | Became a worshipper of Hepliaklqana the Forgotten
  4587 | D:5      | Reached skill level 9 in Crossbows
  4634 | D:5      | Reached XP level 7. HP: 56/56 MP: 6/6
  5349 | D:6      | Noticed Maggie
  5681 | D:6      | Identified a scroll of acquirement
  5715 | D:6      | Noticed Prince Ribbit
  5773 | D:5      | Reached skill level 10 in Crossbows
  5877 | D:5      | Acquired a +5 arbalest of freezing
  6135 | D:6      | Reached * piety under Hepliaklqana
  6452 | D:6      | Killed Maggie
  6453 | D:6      | Reached skill level 5 in Armour
  6453 | D:6      | Reached XP level 8. HP: 55/55 MP: 7/7
  6725 | D:7      | Found a sand-covered staircase.
  6732 | Ossuary  | Entered an ossuary
  6842 | Ossuary  | Reached skill level 11 in Crossbows
  7077 | D:7      | Found a transporter.
  7078 | D:7      | Found a transporter.
  7081 | D:7      | Noticed lordive's ghost (novice NaIE)
  7084 | D:7      | Identified the +11 giant club "Rioreb" {vorpal, rElec}
  7139 | D:7      | Reached skill level 12 in Crossbows
  7170 | D:7      | Reached XP level 9. HP: 61/61 MP: 8/8
  7296 | D:7      | Noticed Duvessa
  7297 | D:7      | Noticed Dowan
  7298 | D:7      | Killed Dowan
  7304 | D:7      | Killed Duvessa
  7832 | D:8      | Reached skill level 13 in Crossbows
  7954 | D:8      | Reached skill level 14 in Crossbows
  8137 | D:8      | Reached ** piety under Hepliaklqana
  8138 | D:8      | Remembered your ancestor Buttercup as a knight
  8515 | D:9      | Noticed Joseph
  8521 | D:9      | Killed Joseph
  8596 | D:9      | Reached XP level 10. HP: 66/66 MP: 9/9
  8598 | D:9      | Reached skill level 15 in Crossbows
  8726 | D:9      | Noticed Maurice
  8731 | D:9      | Killed Maurice
  8737 | D:9      | Reached skill level 16 in Crossbows
  9478 | D:10     | Entered Level 10 of the Dungeon
  9554 | D:10     | Found a snail-covered altar of Cheibriados.
  9587 | D:10     | Reached skill level 10 in Armour
  9673 | D:10     | Noticed a two-headed ogre
  9675 | D:10     | Reached XP level 11. HP: 76/76 MP: 10/10
  9677 | D:10     | Killed a two-headed ogre
  9678 | D:10     | Reached skill level 5 in Fighting
  9725 | D:10     | Found a glowing golden altar of the Shining One.
  9726 | D:10     | Found an ancient bone altar of Kikubaaqudgha.
  9727 | D:10     | Found a hazy altar of Hepliaklqana.
  9727 | D:10     | Found a sparkling altar of Nemelex Xobeh.
  9745 | D:10     | Noticed a two-headed ogre
  9756 | D:10     | Killed a two-headed ogre
  9934 | D:10     | Noticed a boulder beetle
  9939 | D:10     | Noticed an ogre mage
  9944 | D:10     | Killed a boulder beetle
  9945 | D:10     | Reached skill level 10 in Fighting
 10017 | D:10     | Reached *** piety under Hepliaklqana
 10840 | D:10     | Found a staircase to the Orcish Mines.
 10964 | D:10     | Killed an ogre mage
 10974 | D:10     | Reached skill level 5 in Evocations
 11050 | D:10     | Found a staircase to the Lair.
 11207 | D:10     | Found the +2 hood of the Assassin {Detection Stab+ Stlth++}
 11333 | D:10     | Noticed a necromancer
 11554 | D:10     | Killed a necromancer
 11675 | D:10     | Reached XP level 12. HP: 95/95 MP: 11/11
 11991 | D:11     | Noticed a boulder beetle
 12001 | D:11     | Killed a boulder beetle
 12590 | D:11     | Reached **** piety under Hepliaklqana
 12777 | Lair:1   | Entered Level 1 of the Lair of Beasts
 13057 | Lair:1   | Noticed a six-headed hydra
 13062 | Lair:1   | Killed a six-headed hydra
 13675 | Lair:1   | Found a runed translucent door.
 13893 | Lair:2   | Found a staircase to the Snake Pit.
 13931 | Lair:2   | Reached skill level 10 in Evocations
 14012 | Lair:2   | Reached ***** piety under Hepliaklqana
 14035 | Lair:2   | Found a blossoming altar of Fedhas.
 15627 | Lair:4   | Noticed a catoblepas
 15633 | Lair:4   | Killed a catoblepas
 15634 | Lair:4   | Reached XP level 13. HP: 101/101 MP: 12/12
 15774 | Lair:4   | Found a staircase to the Shoals.
 17045 | Lair:5   | You fall into a shaft and drop 1 floor!
 17045 | Lair:6   | Entered Level 6 of the Lair of Beasts
 17298 | Lair:5   | Reached skill level 15 in Armour
 17301 | Lair:5   | Reached skill level 1 in Invocations
 17418 | Lair:5   | Found a staircase to the Slime Pits.
 17523 | Lair:5   | Reached ****** piety under Hepliaklqana
 18380 | Lair:6   | Reached skill level 5 in Invocations
 18872 | Lair:6   | Reached XP level 14. HP: 108/108 MP: 19/19
 20057 | Orc:1    | Entered Level 1 of the Orcish Mines
 20267 | Orc:2    | Entered Level 2 of the Orcish Mines
 20541 | Orc:1    | Reached skill level 10 in Invocations
 20797 | Orc:2    | Noticed an orc warlord
 20799 | Orc:2    | Paralysed by an orc sorcerer for 4 turns
 20805 | Orc:2    | Killed an orc warlord
 20811 | Orc:1    | HP: 4/109 [orc/+0 trident (5)]
 20811 | Orc:1    | Mangled by a troll

Illustrated notes

Levels and vault maps discovered:
D:1:      psy_arrival_radial02, layout_basic, minmay_misc_feat_diagonals,
          st_stairs_13, minivault_23, minmay_bisected
D:2:      layout_rooms, minmay_misc_feat_plants
D:3:      minmay_chambers_of_threes, layout_loops_ring,
          nicolae_gozag_zags_fifth_avenue, hellmonk_ecumenical_altar_zigzags,
          minmay_hedge_maze
D:4:      layout_basic
D:5:      layout_basic, temple_green
D:6:      layout_gridville, cheibrodos_sewer_entry_drain, uniq_maggie,
          uniq_prince_ribbit1
D:7:      layout_loops_corners, gammafunk_ghost_smash, enter_ossuary_1,
          eino_small_chamber_without_monster, uniq_duvessa
D:8:      layout_rooms
D:9:      layout_basic, uniq_maurice, uniq_joseph
D:10:     minmay_the_grid_octo_tiled_squarecenter [minmay_the_grid_octo_shrine,
          minmay_the_grid_octo_chip, minmay_the_grid_octo_checkered,
          minmay_the_grid_octo_horde,
          minmay_the_grid_square_5x5_megaprize_diamond,
          minmay_the_grid_square_5x5_longway,
          minmay_the_grid_square_5x5_six_small,
          minmay_the_grid_square_5x5_bridge, minmay_the_grid_square_5x5_seven],
          layout_gridville, lemuel_tele_altar, david_lair_generic,
          kennysheep_island_fort
D:11:     layout_loops_corners, serial_undead, serial_undead_b, serial_undead_f,
          serial_undead_b, serial_undead_d, serial_undead_a, serial_undead_c
Temple:   mainiacjoe_temple_big_plus
Lair:1:   gammafunk_indiana_jones, layout_cave_pods, grunt_megastairs_3
Lair:2:   layout_gridlike, guppyfry_snake_entry_garden, hangedman_tree_tricks,
          infiniplex_staircase_pool
Lair:3:   layout_cave_pods, beast_lair_carwin_3
Lair:4:   layout_cave_pods, elwin_shoals_entry_stream,
          chequers_serial_rivers_small_a, grunt_megastairs_4
Lair:5:   layout_cave_pods, nicolae_slime_entry_slimehenge, lemuel_fruit_tree
Lair:6:   minmay_lair_end_enchanted_forest, layout_small_grid,
          gauntlet_entry_generic
Orc:1:    layout_caves
Orc:2:    grunt_orc_cross, layout_caves

Skill      XL: |  1  2  3  4  5  6  7  8  9 10 11 12 13 14 |
---------------+-------------------------------------------+-----
Crossbows      | 5 6 7 8 9 10 12 14 16 | 16.0
Armour         | 5 6 10 12 15 | 15.0
Fighting       | 4 10 | 10.9
Evocations     | 6 10 | 10.0
Invocations    | 8 10 | 10.0
Dodging        | |  2.1
Stealth        | |  0.7

Action                   |  1- 3 |  4- 6 |  7- 9 | 10-12 | 13-15 || total
-------------------------+-------+-------+-------+-------+-------++-------
Melee: Spear             |       |       |     5 |       |       ||     5
       Headbutt          |       |       |     1 |       |     1 ||     2
       Arbalest          |       |       |     2 |     4 |     2 ||     8
 Fire: Hand crossbow     |    84 |   140 |    68 |       |       ||   292
       Arbalest          |       |       |   159 |   393 |   336 ||   888
Throw: Boomerang         |       |       |       |       |     7 ||     7
Invok: Ancestor Identity |       |       |     1 |       |       ||     1
       Ancestor Life: Kn |       |       |     1 |       |       ||     1
       Recall Ancestor   |       |       |       |     2 |     3 ||     5
       Idealise          |       |       |       |       |     4 ||     4
Evoke: Wand              |       |       |       |     9 |     5 ||    14
       Condenser vane    |       |       |       |       |     1 ||     1
       Phantom mirror    |       |       |       |       |     1 ||     1
  Use: Scroll            |       |       |    11 |     9 |     3 ||    23
       Potion            |       |       |       |       |     2 ||     2
Armor: Leather armour    |     3 |    14 |       |       |       ||    17
       Scale mail        |       |       |    15 |       |       ||    15
       Steam dragon scal |       |       |    16 |    16 |       ||    32
       Plate armour      |       |       |       |    40 |   220 ||   260
Dodge: Dodged            |    14 |    40 |    53 |    46 |   114 ||   267
Block: Buckler           |     1 |     4 |     8 |       |       ||    13

Table legend: (Time is in decaauts)
 A = Elapsed time spent in this place.
 B = Non-inter-level travel time spent in this place.
 C = Inter-level travel time spent in this place.
 D = Time resting spent in this place.
 E = Time spent auto-exploring this place.
 F = Levels seen in this place.
 G = Mean time per level.
                   A        B        C        D        E       F      G
               +--------+--------+--------+--------+--------+-----+--------+
         Total |  21163 |  19929 |   1234 |   2459 |  13700 |  21 | 1007.8 |
       Dungeon |  12700 |  11814 |    886 |   1455 |   8013 |  11 | 1154.5 |
        Temple |    456 |    393 |     63 |      0 |    384 |   1 |  456.0 |
          Lair |   7392 |   7123 |    269 |    926 |   5173 |   6 | 1232.0 |
  Orcish Mines |    430 |    415 |     15 |     78 |    130 |   2 |  215.0 |
       Ossuary |    182 |    182 |      0 |      0 |      0 |   1 |  182.0 |
               +--------+--------+--------+--------+--------+-----+--------+

Top non-repeatable levels by time:
    D:10: 1988 daAuts
     D:9: 1931 daAuts
  Lair:5: 1783 daAuts
  Lair:6: 1644 daAuts
     D:5: 1542 daAuts
     D:3: 1385 daAuts
  Lair:3: 1156 daAuts
     D:6: 1074 daAuts
  Lair:4: 1039 daAuts
     D:7: 1034 daAuts
  Lair:1: 952 daAuts
    D:11: 908 daAuts
     D:1: 901 daAuts
  Lair:2: 815 daAuts
     D:4: 805 daAuts
